 Dungeon Crawl Stone Soup version 0.27.0-1-g7a089689b8 (webtiles) character file.

Game seed: 14594184881993941365

560 SnakkuSnakku7 the Slasher (level 7, -3/46 HPs)
             Began as a Vampire Hedge Wizard on Aug 12, 2021.
             Slain by a black bear (6 damage)
             ... on level 5 of the Dungeon on Aug 13, 2021.
             The game lasted 00:09:28 (4472 turns).

SnakkuSnakku7 the Slasher (Vampire Hedge Wizard)    Turns: 4472, Time: 00:09:29

Health: -3/46      AC:  5    Str: 11    XL:     7   Next: 9%
Magic:  11/11      EV: 12    Int: 16    God:
Gold:   173        SH:  0    Dex: 14    Spells: 11/12 levels left

rFire    . . .     SeeInvis +   a - +0 scimitar
rCold    . . .     Faith    .   (no shield)
rNeg     . . .     Spirit   .   r - +1 leather armour {rPois}
rPois    +         Reflect  .   c - +0 hat
rElec    .         Harm     .   m - +0 cloak
rCorr    .         Rampage  .   (no gloves)
Will     +....                  (no boots)
Stlth    ++........             (no amulet)
HPRegen  0.35/turn              q - ring of willpower
MPRegen  0.12/turn              (no ring)

@: healing quickly
A: alive, fangs 3, see invisible, vampiric 2
a: Exsanguinate


You were on level 5 of the Dungeon.
You visited 1 branch of the dungeon, and saw 5 of its levels.
You also visited: Ossuary.

You collected 173 gold pieces.

Inventory:

Hand Weapons
 a - a +0 scimitar (weapon)
 b - a +0 broad axe
 h - a +0 dagger
Missiles
 s - 38 poisoned darts (quivered)
Armour
 c - a +0 hat (worn)
 i - a +0 kite shield
 m - a +0 cloak (worn)
 r - a +1 leather armour of poison resistance (worn)
Jewellery
 q - a ring of willpower (left hand)
 u - a ring of ice
Wands
 v - a wand of flame (12)
Scrolls
 d - 3 scrolls of teleportation
 f - a scroll of brand weapon {unknown}
 g - a scroll of fear
 n - a scroll of vulnerability {unknown}
 o - a scroll of enchant armour {unknown}
 y - a scroll of acquirement {unknown}
 B - a scroll of fog {unknown}
Potions
 e - a potion of heal wounds
 j - 5 potions of flight {unknown}
 k - 3 potions of might {unknown}
 l - 6 potions of curing {unknown}
 p - a potion of berserk rage {unknown}
 t - 3 potions of lignification
 w - a potion of ambrosia {unknown}
 x - 2 potions of brilliance {unknown}
 z - a potion of resistance
 A - a potion of attraction


   Skills:
 - Level 5.4 Long Blades
 + Level 2.0 Axes
 + Level 2.4 Throwing
 - Level 2.1 Dodging
 - Level 3.0 Stealth
 - Level 2.3 Shields
 - Level 3.0 Spellcasting
 - Level 0.6 Conjurations
 - Level 1.0 Summonings
 - Level 0.7 Translocations


You had 11 spell levels left.
You knew the following spells:

 Your Spells              Type           Power      Damage    Failure   Level
a - Magic Dart            Conj           16%        1d3       19%         1

Your spell library contained the following spells:

 Spells                   Type           Power      Damage    Failure   Level
 Animate Skeleton         Necr           4%         N/A       24%         1
 Pain                     Necr           8%         1d4       24%         1
 Sting                    Tmut/Pois      8%         1d3       24%         1
 Call Imp                 Summ           5%         N/A       24%         2
 Blink                    Tloc           N/A        N/A       28%         2
 Poisonous Vapours        Pois/Air       4%         N/A       36%         2
 Slow                     Hex            2%         N/A       36%         2
 Conjure Flame            Conj/Fire      3%         6-21      54%         3
 Mephitic Cloud           Conj/Pois/Air  3%         N/A       56%         3
 Ozocubu's Armour         Ice            2%         N/A       58%         3
 Vampiric Draining        Necr           1%         2d6       58%         3
 Olgreb's Toxic Radiance  Pois           2%         N/A       94%         4
 Ozocubu's Refrigeration  Ice            1%         4d5       100%        7


Dungeon Overview and Level Annotations

Branches:
Dungeon (5/15)            Ossuary (visited)
 Temple: D:4-7

Altars:

Annotations:
D:2 Sigmund
D:5 Duvessa


Innate Abilities, Weirdness & Mutations

Your natural rate of healing is accelerated.
You have razor-sharp teeth.
You have supernaturally acute eyesight. (SInv)
You are afflicted with vampirism and can become a bat while bloodless.


Message History

The black bear barely misses you.
You riposte.
You slash the black bear!
The black bear is heavily wounded.
The black bear claws you. x2
You slash the black bear!
The black bear is severely wounded.
The black bear goes berserk!
An ice beast comes into view.
You hit the black bear but do no damage.
You bite the black bear.
The black bear is almost dead.
The black bear bites you! The black bear misses you. The black bear claws you.
The black bear closely misses you. The black bear claws you. x2
You hit the black bear but do no damage.
The black bear is almost dead.
The black bear bites you. The black bear misses you. The black bear claws you.
The black bear barely misses you. The black bear claws you. x2
* * * LOW HITPOINT WARNING * * *
You are too injured to fight recklessly!
Unknown command.
You hit the black bear.
The black bear is almost dead.
The black bear closely misses you.
The black bear claws you but does no damage.
The black bear barely misses you.
You closely miss the black bear.
The black bear is almost dead.
The black bear closely misses you. The black bear barely misses you.
The black bear claws you.
* * * LOW HITPOINT WARNING * * *
The black bear bites you!
* * * LOW HITPOINT WARNING * * *
The black bear claws you.
* * * LOW HITPOINT WARNING * * *
The black bear claws you.
* * * LOW HITPOINT WARNING * * *
Unknown command.
You barely miss the black bear.
The black bear is almost dead.
The black bear barely misses you. The black bear claws you.
You die...

#...# #.# #......# #...#
###.# ###......#
#...#######..>#
######...######
...............
#......###
........#..#... #......#
..........# #.. #......#
.........##.##.###.....##
..........#.'.Yh.#.....#
.......#.##.##.#@......#
......## ####......#
.....## ##.....#
......#### ####......#
.......#.## ##.#.......#
..........# #..........#
.........## ##....######
########..###...###
##..#....#


You could see a black bear (berserk) and an ice beast.

Vanquished Creatures
  A phantom (D:4)
  A gnoll sergeant (D:4)
  A scorpion (D:4)
  A water moccasin skeleton (D:5)
  Dowan (D:5)
  Jessica (D:2)
  A killer bee zombie (D:5)
  2 mummies (Ossuary)
  A hound skeleton (D:4)
  4 gnolls (D:4)
  3 adders
  An ufetubus (D:5)
  9 adder zombies (Ossuary)
  An adder skeleton (D:4)
  A dart slug (D:1)
  2 orcs
  7 ball pythons
  2 endoplasms
  5 giant cockroaches
  3 gnoll zombies (Ossuary)
  7 goblins
  4 hobgoblins
  3 jackals (D:1)
  4 kobolds
  2 quokkas
  10 bats
  2 frilled lizards
  4 hobgoblin zombies (Ossuary)
  6 kobold zombies (Ossuary)
  10 orc zombies (Ossuary)
  7 rats
107 creatures vanquished.

Notes
Turn   | Place    | Note
-------+----------+-------------------------------------------
     0 | D:1      | SnakkuSnakku7 the Vampire Hedge Wizard began the quest for
                  | the Orb.
     0 | D:1      | Reached XP level 1. HP: 13/13 MP: 4/4
   165 | D:1      | Reached skill level 1 in Long Blades
   268 | D:1      | Reached XP level 2. HP: 17/19 MP: 6/6
   327 | D:1      | Found a faded altar of an unknown god.
   336 | D:1      | Reached skill level 2 in Long Blades
   982 | D:2      | Gained mutation: You are afflicted with vampirism and can
                  | become a bat while bloodless. [Vampire growth]
   982 | D:2      | Reached XP level 3. HP: 22/24 MP: 7/7
  1056 | D:2      | Noticed Jessica
  1077 | D:2      | Killed Jessica
  1078 | D:2      | Reached skill level 3 in Long Blades
  1354 | D:2      | Noticed Sigmund
  1790 | D:3      | Reached XP level 4. HP: 30/30 MP: 8/8
  2040 | D:3      | Reached skill level 4 in Long Blades
  2393 | D:4      | Noticed a phantom
  2758 | D:4      | Killed a phantom
  2759 | D:4      | Reached skill level 1 in Shields
  2759 | D:4      | Reached XP level 5. HP: 13/35 MP: 9/9
  2991 | D:4      | Reached skill level 5 in Long Blades
  3172 | D:4      | Reached XP level 6. HP: 28/41 MP: 8/10
  3622 | D:4      | Reached skill level 1 in Throwing
  3695 | D:5      | Entered Level 5 of the Dungeon
  3723 | D:5      | Noticed Dowan
  3724 | D:5      | Noticed Duvessa
  3916 | D:5      | Found a sand-covered staircase.
  3928 | Ossuary  | Entered an ossuary
  4076 | Ossuary  | Reached skill level 1 in Axes
  4158 | D:5      | Killed Dowan
  4165 | D:5      | Reached XP level 7. HP: 32/46 MP: 11/11
  4472 | D:5      | Slain by a black bear

Illustrated notes

Levels and vault maps discovered:
D:1:      dpeg_arrival_refuge, layout_basic,
          hellmonk_ecumenical_altar_crossroads
D:2:      layout_loops_cross, uniq_jessica, uniq_sigmund
D:3:      layout_loops_ring, serial_rivers, chequers_serial_rivers_micro_e,
          chequers_serial_rivers_small_3, chequers_serial_rivers_micro_c,
          chequers_serial_rivers_small_b, chequers_serial_rivers_micro_c
D:4:      layout_basic
D:5:      layout_basic, enter_ossuary_1, minmay_fractal_squares_gapless_5,
          uniq_duvessa

Skill      XL: |  1  2  3  4  5  6  7 |
---------------+----------------------+-----
Long Blades    | 1 2 3 4 5 |  5.4
Shields        | 1 2 |  2.3
Throwing       | 2 |  2.4
Axes           | 1 2 |  2.0
Dodging        | |  2.1
Stealth        | |  3.0
Spellcasting   | |  3.0
Conjurations   | |  0.6
Summonings     | |  1.0
Translocations | |  0.7

Action                   |  1- 3 |  4- 6 |  7- 9 || total
-------------------------+-------+-------+-------++-------
Melee: Scimitar          |    88 |   196 |    27 ||   311
       Bite              |     9 |    21 |     3 ||    33
Throw: Dart              |       |    46 |       ||    46
 Cast: Magic Dart        |       |     4 |       ||     4
  Use: Scroll            |       |     6 |     1 ||     7
 Stab: Sleeping          |     2 |     6 |       ||     8
Armor: Robe              |    16 |     6 |       ||    22
       Leather armour    |    18 |    46 |    12 ||    76
Dodge: Dodged            |    68 |   147 |    44 ||   259
       Rpst.: Scimitar   |    18 |    54 |     7 ||    79
